 Dungeon Crawl Stone Soup version 0.23.2-1-ga50397a6bc (webtiles) character file.

Game seed: 16451581231027833059

346 Elkator the Ducker (level 6, 0/51 HPs)
             Began as a Draconian Warper on May 26, 2019.
             Slain by an iguana (1 damage)
             ... on level 5 of the Dungeon.
             The game lasted 01:13:10 (4435 turns).

Elkator the Ducker (Draconian Warper)               Turns: 4435, Time: 01:13:11

Health: 0/51       AC:  7    Str: 13    XL:     6   Next: 32%
Magic:  2/9        EV: 13    Int: 15    God:
Gold:   290        SH:  0    Dex: 11    Spells: 2/9 levels left

rFire    + . .     SeeInvis .   a - +0 falchion
rCold    . . .     Gourm    +   (no shield)
rNeg     . . .     Faith    .   (armour unavailable)
rPois    .         Spirit   .   (helmet restricted)
rElec    .         Reflect  .   (no cloak)
rCorr    .         Harm     .   (no gloves)
MR       .....                  A - +0 pair of boots
Stlth    +.........             g - amulet of the gourmand
HPRegen  0.17/turn              e - ring of protection from fire
MPRegen  0.11/turn              (no ring)

@: lethally poisoned (0 -> -1), very slightly contaminated
A: unfitting armour, cold-blooded, AC +6
a: no special abilities


You were on level 5 of the Dungeon.
You were very full.

You visited 1 branch of the dungeon, and saw 5 of its levels.

You collected 290 gold pieces.

Inventory:

Hand Weapons
 a - a +0 falchion (weapon)
 o - a +0 blowgun
 y - a +5 great mace
Missiles
 d - 4 tomahawks of dispersal
 x - 3 poisoned needles
 z - 2 javelins (quivered)
Armour
 A - a +0 pair of boots (worn)
Jewellery
 e - a ring of protection from fire (left hand)
 g - an amulet of the gourmand (around neck)
 i - an uncursed ring of protection from magic {unknown}
Wands
 q - a wand of random effects (20)
Scrolls
 c - 3 scrolls of blinking
 j - 3 scrolls of immolation {unknown}
 k - a scroll of amnesia {unknown}
 m - a scroll of remove curse {unknown}
 p - 2 scrolls of teleportation {unknown}
 s - 2 scrolls of fear {unknown}
Potions
 b - a potion of flight
 h - a potion of resistance
 l - a potion of heal wounds {unknown}
 n - 2 potions of invisibility
 r - 3 potions of curing
 t - a potion of might {unknown}
 u - a potion of brilliance {unknown}
 v - a potion of ambrosia {unknown}
 w - a potion of agility
Comestibles
 f - 9 rations
 B - 2 chunks of flesh


   Skills:
 * Level 3.4 Fighting
 + Level 4.0 Long Blades
 + Level 1.7 Throwing
 * Level 4.1 Dodging
 + Level 2.3 Spellcasting
 + Level 3.2 Translocations


You had 2 spell levels left.
You knew the following spells:

 Your Spells              Type           Power        Failure   Level  Hunger
a - Blink                 Tloc           N/A          9%          2    ###....
b - Shroud of Golubria    Chrm/Tloc      #.........   17%         2    ###....
c - Teleport Other        Tloc           ##......     17%         3    ###....

Your spell library contained the following spells:

 Spells                   Type           Power        Failure   Level  Hunger
 Gell's Gravitas          Tloc           ##........   17%         3    ###....
 Lesser Beckoning         Tloc           ##........   17%         3    ###....
 Passage of Golubria      Tloc           N/A          50%         4    #####..


Dungeon Overview and Level Annotations

Branches:
Dungeon (5/15)
 Temple: D:4-7

Altars:
Ashenzari
Dithmenos
Gozag
Xom


Innate Abilities, Weirdness & Mutations

Your plain brown scales are hard. (AC +6)
You cannot fit into any form of body armour.
You are cold-blooded and may be slowed by cold attacks.


Message History

You feel sick.
A water moccasin comes into view.
The water moccasin hisses angrily.
You closely miss the water moccasin.
You feel sick. The water moccasin closely misses you.
You closely miss the water moccasin.
Your tail-slap misses the water moccasin.
The water moccasin bites you.
* * * LOW HITPOINT WARNING * * *
The water moccasin bites you.
* * * LOW HITPOINT WARNING * * *
Casting: Blink (safe; 9% risk of failure)
Confirm with . or Enter, or press ? or * to list all spells.
You miscast Blink.
You feel a wrenching sensation. The water moccasin bites you!
* * * LOW HITPOINT WARNING * * *
Casting: Blink (safe; 9% risk of failure)
Confirm with . or Enter, or press ? or * to list all spells.
You blink.
The iguana bites you.
You die...

..# ..#
..#####
=...#.#...#
#...#.#@#.#
#..!#.#l#[#
#...#.#.#.#
#..a#.#S#.#
#...#<.§#.#
####(..#.###l#
.......(.†.§.#
#####.##.#####
# #.#


You could see a water moccasin and an iguana.

Vanquished Creatures
  A howler monkey (D:4)
  A crimson imp (D:5)
  A hound (D:5)
  An orc wizard (D:3)
  An iguana (D:4)
  Jessica (D:2)
  A worker ant (D:5)
  A hound skeleton (D:4)
  A worker ant zombie (D:5)
  2 adders (D:2)
  An ooze (D:3)
  2 worms
  3 dart slugs
  2 leopard geckos
  5 orcs (D:3)
  8 bats
  3 giant cockroaches
  5 goblins
  9 hobgoblins
  7 jackals
  2 quokkas
  4 ball pythons
  3 frilled lizards (D:3)
  7 kobolds
  2 quokka skeletons (D:4)
  4 rats
78 creatures vanquished.

Notes
Turn   | Place    | Note
-------+----------+-------------------------------------------
     0 | D:1      | Elkator the Draconian Warper began the quest for the Orb.
     0 | D:1      | Reached XP level 1. HP: 17/17 MP: 3/3
     0 | D:1      | Hello
     0 | D:1      | Move
   242 | D:1      | Reached XP level 2. HP: 25/25 MP: 5/5
   568 | D:1      | Learned a level 2 spell: Blink
   609 | D:1      | Reached XP level 3. HP: 30/30 MP: 6/6
  1044 | D:2      | Reached skill level 1 in Throwing
  1329 | D:2      | Noticed Jessica
  1367 | D:2      | Killed Jessica
  1367 | D:2      | Reached XP level 4. HP: 18/37 MP: 7/7
  1820 | D:2      | Found a shattered altar of Ashenzari.
  1820 | D:2      | Found a shadowy altar of Dithmenos.
  2822 | D:3      | Reached XP level 5. HP: 42/45 MP: 5/8
  2971 | D:3      | Found an opulent altar of Gozag.
  3356 | D:4      | Found a shimmering altar of Xom.
  3588 | D:4      | Learned a level 2 spell: Shroud of Golubria
  3592 | D:4      | Learned a level 3 spell: Teleport Other
  4280 | D:5      | Entered Level 5 of the Dungeon
  4333 | D:5      | Reached XP level 6. HP: 51/51 MP: 7/9
  4430 | D:5      | Noticed a water moccasin
  4434 | D:5      | HP: 1/51 [water moccasin (10)]
  4435 | D:5      | Slain by an iguana

Skill      XL: |  1  2  3  4  5  6 |
---------------+-------------------+-----
Throwing       | 1 |  1.7
Dodging        | 3 4 |  4.1
Long Blades    | 3 4 |  4.0
Fighting       | 3 |  3.4
Spellcasting   | |  2.3
Translocations | |  3.2

Action                   |  1- 3 |  4- 6 || total
-------------------------+-------+-------++-------
Melee: Falchion          |   116 |   201 ||   317
       Tailslap          |     9 |    30 ||    39
Throw: Javelin           |     9 |    25 ||    34
       Tomahawk          |       |     1 ||     1
 Cast: Blink             |     2 |     9 ||    11
       Shroud of Golubri |       |     2 ||     2
       Teleport Other    |       |     1 ||     1
  Use: Scroll            |       |     5 ||     5
  Eat: Chunk             |    16 |    14 ||    30
Armor: Skin              |    48 |    55 ||   103
Dodge: Dodged            |    96 |   111 ||   207
       Rpst.: Falchion   |    32 |    30 ||    62
